 Dungeon Crawl Stone Soup version 0.29.1-2-gbd0b4ee654 (webtiles) character file.

Game seed: 13294234651802534117

581 hawla the Chiller (level 7, -4/52 HPs)
             Began as a Meteoran Ice Elementalist on Nov 1, 2022.
             Slain by a wraith (7 damage)
             ... on level 5 of the Dungeon.
             The game lasted 00:13:43 (2355 turns).

hawla the Chiller (Meteoran Ice Elementalist)       Turns: 2355, Time: 00:13:45

Health: -4/52      AC:  6    Str: 10    XL:     7   Next: 95%
Magic:  14/15      EV: 13    Int: 21    God:
Gold:   223        SH:  0    Dex: 15    Spells: 7/15 levels left

rFire   + . .      SeeInvis .   e - staff of cold
rCold   + . .      Faith    .   (no shield)
rNeg    . . .      Spirit   .   a - +0 robe
rPois   +          Reflect  .   l - +1 helmet {Int+3}
rElec   .          Harm     .   q - +0 cloak
rCorr   .          Rampage  .   k - +0 pair of gloves
Will    .....                   (no boots)
Stlth   +.........              f - amulet of the acrobat
HPRegen 0.17/turn               c - ring of poison resistance
MPRegen 0.14/turn               v - ring of protection from fire

@: brilliant, on berserk cooldown, slowed, glowing, very slow
A: sense surroundings 1, otherworldly, glowing, explore regen
a: no special abilities


You were on level 5 of the Dungeon.
You visited 1 branch of the dungeon, and saw 5 of its levels.

You collected 223 gold pieces.

Inventory:

Armour
 a - a +0 robe (worn)
 k - a +0 pair of gloves (worn)
 l - a +1 helmet of intelligence (worn)
 q - a +0 cloak (worn)
Magical Staves
 e - a staff of cold (weapon)
Jewellery
 c - a ring of poison resistance (left hand)
 f - an amulet of the acrobat (around neck)
 h - an amulet of guardian spirit
 u - a ring of wizardry
 v - a ring of protection from fire (right hand)
Wands
 n - a wand of light (7)
 r - a wand of polymorph (7)
Scrolls
 g - 2 scrolls of identify
Potions
 b - 2 potions of flight


   Skills:
 + Level 1.1 Fighting
 + Level 1.1 Staves
 + Level 3.0 Dodging
 - Level 1.4 Stealth
 + Level 4.7 Spellcasting
 + Level 5.0 Conjurations
 + Level 6.4 Ice Magic
 + Level 2.0 Evocations


You had 7 spell levels left.
You knew the following spells:

 Your Spells              Type           Power      Damage    Failure   Level
a - Freeze                Ice            100%       1d11      1%          1
b - Frozen Ramparts       Ice            100%       1d16      2%          3
c - Hailstorm             Conj/Ice       60%        3d13      11%         4

Your spell library contained the following spells:

 Spells                   Type           Power      Damage    Failure   Level
 Ozocubu's Armour         Ice            64%        N/A       2%          3


Dungeon Overview and Level Annotations

Branches:
Dungeon (5/15) Zot: 624
 Temple: D:4-7

Altars:
Cheibriados
Dithmenos
Elyvilon
Gozag
Kikubaaqudgha
Nemelex Xobeh
Trog
Wu Jian
Xom


Innate Abilities, Weirdness & Mutations

You passively map a small area around you.
You are easily found by Zot.
You glow in the dark.
You regain HP and MP as you explore.


Message History

The wraith is moderately damaged.
The wraith barely misses you.
Unknown command.
You completely miss the wraith.
The wraith is moderately damaged.
The wraith hits you but does no damage.
Unknown command.
You hit the wraith! You freeze the wraith.
The wraith is severely damaged.
Your butterfly disappears in a burst of colours!
The wraith hits you.
* * * LOW HITPOINT WARNING * * *
The wraith drains your vigour!
You feel as though you will be slow longer.
The wraith closely misses you.
You barely miss the wraith.
The wraith is severely damaged.
The wraith closely misses you.
Unknown command.
You barely miss the wraith.
The wraith is severely damaged.
You are no longer berserk.
You are exhausted.
You feel as though you will be slow longer.
The wraith hits you!
* * * LOW HITPOINT WARNING * * *
The wraith drains your vigour!
You feel as though you will be slow longer.
It was a potion of brilliance.
You feel clever all of a sudden. The wraith hits you but does no damage.
Casting: Frozen Ramparts (dangerous; 2% risk of failure)
Confirm with . or Enter, or press ? or * to list all spells.
Aiming: Freeze (safe; 1% risk of failure)
Press: ? - help, Shift-Dir - straight line, f - wraith
Aim: a wraith (severely damaged, ally target)
You feel a strong surge of power!
You freeze the wraith.
The wraith resists.
The wraith is severely damaged.
The wraith hits you but does no damage. The wraith hits you!
You die...

+ * * #.# * , #.#
#.#*####.# # * * #..
..##.#.. , * #.#
#.##.#.# #.# #.##.#.#
#.###.##.#.#####
#.......@b...... , ,
###..##.#.W..##### ,
#........b........ *
###.#######b..######**
#.....# ##.## #...#<#
#.# #.#.#.# #.# *
#<..#.# ##)## ,
#.....# #...#*


You could see a wraith (ally target).

Vanquished Creatures
  Eustachio (D:4)
  2 ogres (D:4)
  A phantom (D:4)
  2 iguanas (D:4)
  Natasha (twice) (D:2)
  An adder (D:3)
  An ufetubus (D:5)
  3 dart slugs
  3 worms
  3 orcs
  4 bats
  5 endoplasms
  3 giant cockroaches (D:1)
  6 goblins
  6 hobgoblins
  7 jackals
  10 kobolds
  2 quokkas
  4 ball pythons (D:4)
  4 frilled lizards
  2 rats
72 creatures vanquished.

Vanquished Creatures (others)
  4 plants (D:2)
  4 toadstools (D:1)
8 creatures vanquished.

Grand Total: 80 creatures vanquished

Notes
Turn   | Place    | Note
-------+----------+-------------------------------------------
     0 | D:1      | hawla the Meteoran Ice Elementalist began the quest for the
                  | Orb.
     0 | D:1      | Reached XP level 1. HP: 14/14 MP: 5/5
    59 | D:1      | Reached XP level 2. HP: 19/20 MP: 2/6
   209 | D:1      | Reached XP level 3. HP: 24/26 MP: 6/8
   213 | D:1      | Learned a level 3 spell: Frozen Ramparts
   497 | D:1      | Glimpsed the power of Zot.
   634 | D:2      | Reached XP level 4. HP: 34/34 MP: 6/10
   811 | D:2      | Noticed Natasha
   817 | D:2      | Killed Natasha
   818 | D:2      | Reached skill level 5 in Ice Magic
  1023 | D:2      | Noticed Natasha
  1030 | D:2      | Killed Natasha
  1031 | D:2      | Reached XP level 5. HP: 26/39 MP: 8/12
  1036 | D:2      | Learned a level 4 spell: Hailstorm
  1166 | D:3      | Found a faded altar of an unknown god.
  1592 | D:4      | Found a snail-covered altar of Cheibriados.
  1600 | D:4      | Reached skill level 6 in Ice Magic
  1638 | D:4      | Noticed a phantom
  1684 | D:4      | Killed a phantom
  1685 | D:4      | Reached XP level 6. HP: 12/46 MP: 2/13
  1718 | D:4      | Noticed Eustachio
  1727 | D:4      | Killed Eustachio
  1728 | D:4      | Reached XP level 7. HP: 26/51 MP: 1/14
  1878 | D:4      | Found a large runed translucent door.
  1878 | D:4      | Found a large runed translucent door.
  1892 | D:4      | Found a shimmering altar of Xom.
  1953 | D:4      | Reached skill level 1 in Fighting
  2004 | D:4      | Found a sparkling altar of Nemelex Xobeh.
  2006 | D:4      | Found an ornate altar of the Wu Jian Council.
  2006 | D:4      | Found a shadowy altar of Dithmenos.
  2010 | D:4      | Reached skill level 5 in Conjurations
  2029 | D:4      | Reached skill level 1 in Staves
  2128 | D:4      | Found a white marble altar of Elyvilon.
  2128 | D:4      | Found an ancient bone altar of Kikubaaqudgha.
  2129 | D:4      | Found an opulent altar of Gozag.
  2129 | D:4      | Found a bloodstained altar of Trog.
  2288 | D:4      | Glimpsed the power of Zot.
  2304 | D:5      | Entered Level 5 of the Dungeon
  2327 | D:5      | Noticed a wraith
  2345 | D:5      | Identified a scroll of acquirement
  2345 | D:5      | Acquired the +7 lajatang of Cheese {drain, rPois Dex+3}
  2355 | D:5      | Slain by a wraith

Illustrated notes

Levels and vault maps discovered:
D:1:      ldierk_walled_garden_2, layout_rooms
D:2:      cheibrodos_old_hovel, layout_rooms, uniq_natasha
D:3:      layout_basic, dreamdust_ecumenical_altar_grove
D:4:      due_chaos_kobolds, layout_basic, grunt_temple_overflow_open,
          kennysheep_slug_shrine, chequers_serial_rivers_micro_d, minivault_1,
          uniq_eustachio
D:5:      layout_loops_corners, nicolae_ossuary_entry_catacombs,
          kennysheep_small_square

Skill      XL: |  1  2  3  4  5  6  7 |
---------------+----------------------+-----
Spellcasting   | 3 4 |  4.7
Ice Magic      | 5 6 |  6.4
Conjurations   | 2 4 5 |  5.0
Evocations     | 2 |  2.0
Fighting       | 1 |  1.1
Staves         | 1 |  1.1
Dodging        | 3 |  3.0
Stealth        | |  1.4

Action                   |  1- 3 |  4- 6 |  7- 9 || total
-------------------------+-------+-------+-------++-------
Melee: Staff             |     7 |    40 |    19 ||    66
       Unarmed           |     1 |       |       ||     1
 Cast: Freeze            |    30 |     5 |     4 ||    39
       Frozen Ramparts   |     5 |    21 |     6 ||    32
       Hailstorm         |       |     2 |     6 ||     8
  Use: Potion            |     1 |     1 |     4 ||     6
       Scroll            |     1 |     6 |     5 ||    12
Armor: Robe              |    14 |    10 |    10 ||    34
Dodge: Dodged            |    25 |    22 |    26 ||    73
